 Dungeon Crawl Stone Soup version 0.27.0-1-g7a089689b8 (webtiles) character file.

Game seed: 2379164933193375933

335 dtburroughs the Chopper (level 6, -5/56 HPs)
             Began as a Minotaur Berserker on Aug 6, 2021.
             Was a Priest of Trog.
             Slain by a gnoll (7 damage)
             ... on level 4 of the Dungeon.
             The game lasted 00:06:56 (4123 turns).

dtburroughs the Chopper (Minotaur Berserker)        Turns: 4123, Time: 00:06:57

Health: -5/56      AC:  7    Str: 21    XL:     6   Next: 28%
Magic:  5/5        EV: 11    Int:  6    God:    Trog [***...]
Gold:   221        SH:  0    Dex: 10    Spells: 5/5 levels left

rFire    . . .     SeeInvis .   a - +0 hand axe
rCold    . . .     Faith    .   (no shield)
rNeg     . . .     Spirit   .   j - +0 scale mail
rPois    .         Reflect  .   (helmet restricted)
rElec    .         Harm     .   (no cloak)
rCorr    .         Rampage  .   (no gloves)
Will     .....                  (no boots)
Stlth    ..........             (no amulet)
HPRegen  0.18/turn              (no ring)
MPRegen  0.09/turn              (no ring)

@: on berserk cooldown, slowed, very slow
A: horns 2, retaliatory headbutt
a: Renounce Religion, Berserk, Trog's Hand


You were on level 4 of the Dungeon.
You worshipped Trog.
Trog was most pleased with you.
You visited 1 branch of the dungeon, and saw 4 of its levels.

You collected 221 gold pieces.

Inventory:

Hand Weapons
 a - a +0 hand axe (weapon)
Armour
 b - a +0 animal skin
 j - a +0 scale mail (worn)
Jewellery
 l - a +6 ring of intelligence
 r - a +6 ring of intelligence
 t - a ring of protection from cold
Wands
 k - a wand of mindburst (12)
Scrolls
 c - 4 scrolls of teleportation {unknown}
 d - a scroll of amnesia {unknown}
 e - 2 scrolls of identify {unknown}
 f - 3 scrolls of enchant weapon {unknown}
 g - a scroll of torment {unknown}
 h - 2 scrolls of fog {unknown}
 i - 3 scrolls of silence {unknown}
 n - a scroll of acquirement {unknown}
 o - a scroll of brand weapon {unknown}
Potions
 m - a potion of degeneration {unknown}
 p - a potion of might {unknown}
 q - a potion of flight {unknown}
 s - a potion of curing {unknown}
 u - a potion of attraction {unknown}


   Skills:
 + Level 5.2 Fighting
 + Level 5.2 Axes
 + Level 4.5 Armour
 + Level 4.1 Dodging


You had 5 spell levels left.
You didn't know any spells.
Your spell library was empty.

Dungeon Overview and Level Annotations

Branches:
Dungeon (4/15)
 Temple: D:4-7

Altars:
Vehumet

Shops:
D:1 (   D:3 *


Innate Abilities, Weirdness & Mutations

You have a pair of horns on your head.
You reflexively headbutt those who attack you in melee.


Message History

The gnoll is moderately wounded.
The gnoll shaman calls upon its god to heal the gnoll.
The gnoll's wounds heal themselves!
The gnoll misses you.
You hit the gnoll but do no damage.
The gnoll hits you from afar with a +0 halberd!
The gnoll shaman barely misses you. The gnoll hits you but does no damage.
The gnoll closely misses you. You furiously retaliate!
You headbutt the gnoll.
A red film seems to cover your vision as you go berserk!
You feel yourself moving faster!
You feel mighty!
The gnoll hits you from afar with a +0 halberd.
The gnoll completely misses you.
You slash the gnoll shaman!
The gnoll shaman is severely wounded.
You completely miss the gnoll. You hit the gnoll. The gnoll barely misses you.
The gnoll throws a throwing net.
The throwing net hits you.
You become entangled in the net!
You tear a large gash into the net.
The gnoll hits you from afar with a +0 halberd!
The gnoll shaman hits you with a +0 club.
The gnoll barely misses you. The gnoll hits you but does no damage.
The gnoll hits you from afar with a +0 spear.
You struggle against the net.
You feel a strong urge to attack something.
The gnoll hits you from afar with a +0 halberd!
* * * LOW HITPOINT WARNING * * *
The gnoll shaman calls upon its god to heal the gnoll.
The gnoll's wounds heal themselves!
The gnoll hits you but does no damage. The gnoll hits you with a +0 club.
* * * LOW HITPOINT WARNING * * *
You struggle against the net.
The gnoll hits you from afar with a +0 halberd!
* * * LOW HITPOINT WARNING * * *
The gnoll hits you from afar with a +0 spear.
* * * LOW HITPOINT WARNING * * *
You rip the net and break free!
You feel your anger nearly subside.
You are no longer berserk.
You are exhausted.
You feel yourself slow down. The gnoll barely misses you.
The gnoll hits you with a +0 flail!
You die...

######### ##########
#.......##########........#####
#.......#....#...#........#....
#.......#....'..)).)......#....
#...†...'....#ggg#........#....
#.......#....#g..#..gg....'....
#.......#....#@g.#...†....#....
#.......#..###g.##...g..†.##'##
#########..###..####'#g........
#.........#....#.........
#.........#....#.........
#.........#....#.........
#######'####.###.........
###.####.# ##+###....
#........# #....


You could see a gnoll shaman and 5 gnolls.

Vanquished Creatures
  2 howler monkeys (D:4)
  An orc wizard (D:4)
  11 gnolls
  4 adders (D:2)
  3 worms
  3 dart slugs
  6 orcs
  5 endoplasms
  4 giant cockroaches
  6 hobgoblins
  2 jackals (D:2)
  5 kobolds (D:1)
  4 quokkas
  9 ball pythons
  3 bats
  3 frilled lizards
  9 goblins
  4 rats
84 creatures vanquished.

Vanquished Creatures (others)
  32 plants (D:2)
32 creatures vanquished.

Grand Total: 116 creatures vanquished

Notes
Turn   | Place    | Note
-------+----------+-------------------------------------------
     0 | D:1      | dtburroughs the Minotaur Berserker began the quest for the
                  | Orb.
     0 | D:1      | Reached XP level 1. HP: 19/19 MP: 0/0
   145 | D:1      | Found Ijuthrur's Antique Weapon Boutique.
   254 | D:1      | Reached XP level 2. HP: 27/27 MP: 1/1
   670 | D:1      | Reached ** piety under Trog
   782 | D:1      | Reached XP level 3. HP: 31/32 MP: 2/2
  1496 | D:2      | Reached XP level 4. HP: 39/40 MP: 3/3
  2252 | D:3      | Found a radiant altar of Vehumet.
  2721 | D:3      | Reached XP level 5. HP: 35/47 MP: 4/4
  2820 | D:3      | Reached *** piety under Trog
  3053 | D:3      | Found Zioselam's General Store.
  3882 | D:4      | Reached skill level 5 in Axes
  3924 | D:4      | Reached skill level 5 in Fighting
  4009 | D:4      | Reached XP level 6. HP: 46/56 MP: 5/5
  4122 | D:4      | HP: 3/84 [gnoll (2)]
  4123 | D:4      | Slain by a gnoll

Illustrated notes

Levels and vault maps discovered:
D:1:      saegor_arrival_simple_d, layout_basic, serial_shops, shop
D:2:      layout_rooms, serial_bayou, serial_bayou_lagoon_a,
          serial_bayou_pond_c, serial_bayou_lagoon_b, serial_bayou_shore_a
D:3:      layout_basic, lemuel_tele_altar, serial_shops,
          nicolae_shop_statue_plus
D:4:      layout_gridville, kennysheep_generic_room_10

Skill      XL: |  1  2  3  4  5 |
---------------+----------------+-----
Axes           | 4 5 |  5.2
Fighting       | 4 5 |  5.2
Armour         | 3 4 |  4.5
Dodging        | 3 4 |  4.1

Action                   |  1- 3 |  4- 6 || total
-------------------------+-------+-------++-------
Melee: Hand axe          |    77 |   135 ||   212
       Headbutt          |    10 |    21 ||    31
Invok: Berserk           |       |     4 ||     4
       Trog's Hand       |       |     3 ||     3
 Stab: Sleeping          |     1 |       ||     1
Armor: Animal skin       |    14 |       ||    14
       Scale mail        |     7 |    55 ||    62
Dodge: Dodged            |    43 |    85 ||   128
